 Dungeon Crawl Stone Soup version 0.30-a0-140-gd1020e658a (webtiles) character file.

Game seed: 8469562160821635126

161171 qw the Severer (level 17, -40/123 HPs)
             Began as a Gargoyle Fighter on Sept 24, 2022.
             Was a High Priest of Okawaru.
             Blown up by an orb spider (71 damage)
             ... with an orb of destruction
             ... on level 3 of the Spider Nest.
             The game lasted 00:16:53 (34812 turns).

qw the Severer (Gargoyle Fighter)                  Turns: 34812, Time: 00:16:54

Health: -40/123    AC: 49    Str: 33    XL:     17   Next: 78%
Magic:  21/24      EV: 11    Int: 14    God:    Okawaru [*****.]
Gold:   1022       SH: 14    Dex:  9    Spells: 16/16 levels left

rFire   + . .      SeeInvis +    B - +5 broad axe of Deformation {vorpal, rF+ Stlth+}
rCold   + . .      Faith    .    m - +0 kite shield
rNeg    + + +      Spirit   .    q - +2 plate armour {rC+}
rPois   inf        Reflect  .    f - +0 helmet of the Iron Devil {rN++ Will+ Int+4}
rElec   +          Harm     .    u - +1 cloak "Hilouq" {rPois Will- SInv}
rCorr   .          Rampage  .    p - +2 pair of gloves
Will    +....      Clarity  +    w - +2 pair of boots
Stlth   ..........               h - amulet of the acrobat
HPRegen 0.30/turn                F - +6 ring of strength
MPRegen 0.19/turn                s - +4 ring of protection

@: heroic, finesse-ful, spiked, flying
A: sickness immunity, AC +12, big wings, negative energy resistance 1,
electricity resistance, torment resistance 1, petrification resistance, clarity,
robust 1, screaming 1
a: Renounce Religion, Heroism, Finesse, Duel


You were on level 3 of the Spider Nest.
You worshipped Okawaru.
Okawaru was extremely pleased with you.
You visited 6 branches of the dungeon, and saw 29 of its levels.
You also visited: Gauntlet.

You collected 2629 gold pieces.
You spent 1607 gold pieces at shops.


Innate Abilities, Weirdness & Mutations

You are immune to sickness and miasma.
Your stone body is resilient. (AC +12)
You are immune to poison.
Your large and strong wings let you fly.
You resist negative energy. (rN+)
You are resistant to electric shocks. (rElec)
You are resistant to unholy torment.
You are immune to petrification.
You possess an exceptional clarity of mind.
You are robust. (+10% HP)
You occasionally shout uncontrollably at your foes.


   Skills:
 + Level 14.8(19.8) Fighting
 - Level 18.0(23.0) Axes
 - Level 7.1(12.1) Throwing
 - Level 14.0(19.0) Armour
 - Level 4.0(9.0) Dodging
 - Level 14.0(19.0) Shields
 - Level 10.0 Invocations


You had 16 spell levels left.
You didn't know any spells.
Your spell library was empty.

Inventory:

Hand Weapons
 i - a +4 morningstar
 k - a +5 broad axe of draining
 B - the +5 broad axe of Deformation (weapon) {vorpal, rF+ Stlth+}
   (Okawaru gifted it to you on level 2 of the Orcish Mines)

   It inflicts extra damage upon your enemies.
   rF:        It protects you from fire.
   Stlth:     It makes you more stealthy.
Missiles
 a - 7 boomerangs
 D - 2 javelins (quivered)
Armour
 c - a +2 plate armour of fire resistance
 f - the +0 helmet of the Iron Devil (worn) {rN++ Will+ Int+4}
   (Okawaru gifted it to you on level 9 of the Dungeon)

   Int:       It affects your intelligence (+4).
   rN:        It greatly protects you from negative energy.
   Will:      It increases your willpower.
 m - a +0 kite shield (worn)
 p - a +2 pair of gloves (worn)
 q - a +2 plate armour of cold resistance (worn)
 t - +0 acid dragon scales
 u - the +1 cloak "Hilouq" (worn) {rPois Will- SInv}
   (Okawaru gifted it to you on level 5 of the Lair of Beasts)

   rPois:     It protects you from poison.
   SInv:      It lets you see invisible.
   Will:      It decreases your willpower.
 w - a +2 pair of boots (worn)
 A - a +2 cloak
Jewellery
 h - an amulet of the acrobat (around neck)
 s - a +4 ring of protection (right hand)
 y - a ring of protection from cold
 z - the ring "Kechaqix" {rC+ rN+ Int+6}
   (You found it in a Gauntlet)

   [ring of intelligence]

   Int:       It affects your intelligence (+6).
   rC:        It protects you from cold.
   rN:        It protects you from negative energy.
 F - a +6 ring of strength (left hand)
Scrolls
 j - 4 scrolls of teleportation
 n - 8 scrolls of identify
 C - 2 scrolls of enchant weapon
Potions
 b - 3 potions of haste
 d - 8 potions of might
 e - 3 potions of attraction
 g - 4 potions of lignification
 l - a potion of cancellation
 o - 11 potions of curing
 r - 3 potions of heal wounds
 v - 2 potions of magic
 x - 4 potions of mutation

Dungeon Overview and Level Annotations

Branches:
Dungeon (15/15)            Temple (1/1) D:4            Lair (5/5) D:11
  Swamp (3/4) Lair:3       Spider (3/4) Lair:2        Slime (0/5) Lair:5
    Orc (2/2) D:9             Elf (0/3) Orc:2        Vaults (0/5) D:14
 Depths (0/4) D:15        Gauntlet (visited)

Altars:
Ashenzari
Cheibriados
Dithmenos
Elyvilon
Fedhas
Gozag
Hepliaklqana
Kikubaaqudgha
Makhleb
Nemelex Xobeh
Okawaru
Qazlal
Ru
Sif Muna
Trog
Uskayaw
Vehumet
Wu Jian
Xom
Yredelemnul
Zin
The Shining One
Jiyva

Shops:
D:10 (   D:14 *   Orc:1 [   Orc:2 ?*:(

Portals:
Pandemonium: Orc:2

Annotations:
D:3 1 runed translucent door, Crazy Yiuf
D:5 2 transporters, qw's ghost, novice GrFi


Message History

The moth of wrath barely misses you.
You slice the moth of wrath!!
You kill the moth of wrath!
Okawaru accepts your kill.
Found a wand of iceblast (5).
You block the steelbarb worm's attack.
A moth of wrath comes into view.
The moth of wrath's fur bristles in rage as it notices you.
You slash the steelbarb worm!
The steelbarb worm is lightly wounded.
You block the steelbarb worm's attack.
You hit the steelbarb worm.
The steelbarb worm is moderately wounded.
You slash the steelbarb worm!
The steelbarb worm is moderately wounded.
You hit the steelbarb worm.
The steelbarb worm is heavily wounded.
The steelbarb worm hits you!
Barbed spikes become lodged in your body.
You slice the steelbarb worm!!
The steelbarb worm is almost dead.
You closely miss the steelbarb worm.
The steelbarb worm is almost dead.
You block the steelbarb worm's attack.
You slice the steelbarb worm!!
You kill the steelbarb worm!
Okawaru accepts your kill.
The barbs in your skin will harm you if you move.
Continue?
Found 7 stones.
The barbed spikes dig painfully into your body as you move.
The barbed spikes dig painfully into your body as you move.
You feel like a meek peon again.
The moth of wrath completely misses you.
The orb spider weaves a glowing orb of energy.
An orb of destruction comes into view.
34812 ||| INVOKING Heroism.
You gain the combat prowess of a mighty hero.
You block the moth of wrath's attack. x2; The orb of destruction hits you!!!
Ouch! That really hurt!
You die...

##. .#.... ##....#^...#.
... #..#......(......
#^........^.#...
######.........#....
#.#..^.....#...#..#
###...#^....#%#....# .
.........##.#...#..#....
.?....%%#.##....@y......
.#...%.%#.#.#^..0...##..
......%%%..(.....0......
#..####.#..(.#.#.s..##..
#...<...%.##..##^..... .
.....#............^#.#(
....#...#.^#........./.#
#...#....#....!...$#...
.........)...#^.##.


You could see a moth of wrath and an orb spider.

Vanquished Creatures
  Nikola (Swamp:1)
  Gastronok (Lair:1)
  Kirke (Lair:4)
  Donald (Orc:2)
  An emperor scorpion (Spider:3)
  An orc warlord (Orc:1)
  A ghost moth (Spider:2)
  A stone giant (D:15)
  A broodmother (Spider:1)
  2 eleionomae (Swamp:1)
  A minotaur (Gauntlet)
  4 bunyips
  A green death (Gauntlet)
  Snorg (D:13)
  An entropy weaver (shapeshifter) (D:14)
  2 entropy weavers
  Harold (D:9)
  A vault guard (D:14)
  3 demonspawn (Orc:2)
  3 catoblepae
  3 hydras
  A rakshasa (D:14)
  A jorogumo (Spider:3)
  A radroach (Spider:3)
  Erica (Orc:1)
  5 boulder beetles
  5 centaur warriors
  2 alligators
  3 two-headed ogres
  8 orc high priests
  4 tengu warriors
  5 pharaoh ants
  2 sixfirhies (Orc:2)
  A death drake (shapeshifter) (D:13)
  8 goliath frogs
  3 steelbarb worms
  A sun moth (Spider:2)
  5 bog bodies
  2 spriggan druids
  5 orb spiders
  2 lindwurms
  7 swamp dragons
  7 orc knights
  3 deep elf pyromancers
  9 orc sorcerers
  18 wolf spiders
  3 ugly things
  An oklob plant (Lair:3)
  6 cyclopes
  3 manticores
  3 will-o-the-wisps
  2 moths of wrath
  17 elephants
  Joseph (D:7)
  2 smoke demons (Orc:2)
  4 torpor snails
  28 cane toads
  An unseen horror (D:10)
  10 komodo dragons
  4 rime drakes
  5 demonic crawlers
  A komodo dragon (shapeshifter) (D:14)
  2 efreet (D:15)
  An ice devil (Gauntlet)
  2 tengu conjurers
  2 kobold demonologists
  13 trolls
  3 meliai (Spider:1)
  4 hornets
  13 tyrant leeches
  15 tarantellas
  11 blink frogs
  5 slime creatures
  A dream sheep (shapeshifter) (D:14)
  5 spriggans
  A jumping spider (shapeshifter) (D:14)
  A wraith (D:9)
  2 ynoxinuls
  25 jumping spiders
  19 culicivoras
  A vampire (D:11)
  6 wyverns
  5 hogs (Lair:4)
  41 yaks
  Grum (Lair:1)
  5 basilisks
  18 vampire mosquitoes
  39 redbacks
  A redback simulacrum (D:15)
  A chaos spawn (Orc:2)
  7 wargs
  A naga (shapeshifter) (D:15)
  8 swamp worms
  13 water moccasins
  4 acid dragons
  A meliai simulacrum (D:14)
  2 swamp drakes
  6 black bears
  3 ice beasts
  11 ogres
  37 orc warriors
  3 sky beasts (D:8)
  14 wolves
  10 centaurs
  A phantom (D:4)
  4 kobold brigands
  24 bullfrogs
  A necrophage (D:8)
  2 gnoll sergeants
  2 scorpions
  12 wights
  11 killer bees
  An electric eel (Lair:5)
  7 crimson imps (D:10)
  A howler monkey (D:12)
  A gnoll bouda (D:8)
  2 iron imps (Gauntlet)
  3 jellies
  25 orc priests
  3 hounds
  2 iguanas (D:6)
  Terence (D:3)
  7 hell rats (Lair:2)
  18 orc wizards
  A centaur simulacrum (D:9)
  8 adders
  12 gnolls
  9 white imps
  An ufetubus (D:5)
  4 dart slugs
  81 orcs
  12 ball pythons
  4 bats
  7 endoplasms
  2 giant cockroaches
  4 goblins
  10 hobgoblins
  13 jackals
  24 kobolds
  4 quokkas
  8 frilled lizards
  5 rats
932 creatures vanquished.

Vanquished Creatures (others)
  2 bloated husks (Swamp:3)
  An orc (Orc:2)
  A kobold (D:11)
  10 foxfires
  32 fungi
  120 plants
166 creatures vanquished.

Grand Total: 1098 creatures vanquished

Notes
Turn   | Place    | Note
-------+----------+-------------------------------------------
     0 | D:1      | qw the Gargoyle Fighter began the quest for the Orb.
     0 | D:1      | Reached XP level 1. HP: 14/14 MP: 1/1
     0 | D:1      | 0 ||| qw: Version: 0.1.0-9-gbc19398
     0 | D:1      | 0 ||| qw: Game counter: 45
     0 | D:1      | 0 ||| qw: Always use a shield: true
     0 | D:1      | 0 ||| qw: God list: Okawaru
     0 | D:1      | 0 ||| qw: Allow faded altars: false
     0 | D:1      | 0 ||| qw: Do Orc after D:15 true
     0 | D:1      | 0 ||| qw: Do second Lair branch before Depths: true
     0 | D:1      | 0 ||| qw: Lair rune preference: random
     0 | D:1      | 0 ||| qw: Plans: Normal, Zot:1-4, God:TSO, Crypt, Tomb,
                  | Pan, Slime:5, Hells, Abyss, Orb
     0 | D:1      | 0 ||| PLANNING D:1-11
    21 | D:1      | Reached skill level 2 in Axes
    37 | D:1      | Reached XP level 2. HP: 6/19 MP: 2/2
   527 | D:1      | Reached skill level 3 in Axes
   610 | D:1      | Reached XP level 3. HP: 23/23 MP: 3/3
   948 | D:1      | 948 ||| DROPPING amulet of faith.
   949 | D:1      | 949 ||| READING 2 scrolls labelled BAPICZ PUUNAUL.
   953 | D:1      | 953 ||| READING scroll labelled MEDWEY HIAPS.
   974 | D:2      | 974 ||| Stepping ~*~*~tactically~*~*~ (stealth).
   975 | D:2      | 975 ||| Stepping ~*~*~tactically~*~*~ (stealth).
   976 | D:2      | 976 ||| STAIRDANCE
   998 | D:2      | 998 ||| STAIRDANCE
  1079 | D:2      | 1079 ||| Stepping ~*~*~tactically~*~*~ (stealth).
  1082 | D:2      | 1082 ||| Stepping ~*~*~tactically~*~*~ (stealth).
  1109 | D:2      | 1109 ||| Stepping ~*~*~tactically~*~*~ (stealth).
  1242 | D:2      | Found a faded altar of an unknown god.
  1402 | D:2      | Reached XP level 4. HP: 28/28 MP: 4/4
  1489 | D:2      | 1489 ||| Stepping ~*~*~tactically~*~*~ (stealth).
  1702 | D:2      | 1702 ||| UPGRADING to ring of positive energy.
  1703 | D:2      | 1703 ||| READING scroll labelled YCEEDA XESSYCW.
  1757 | D:3      | Reached skill level 1 in Throwing
  1783 | D:3      | Noticed Terence
  1798 | D:3      | Killed Terence
  1799 | D:3      | Reached skill level 4 in Axes
  2280 | D:3      | Reached XP level 5. HP: 29/32 MP: 5/5
  2446 | D:3      | Found a runed translucent door.
  2447 | D:3      | Noticed Crazy Yiuf
  2546 | D:3      | Found a snail-covered altar of Cheibriados.
  2549 | D:3      | 2549 ||| Stepping ~*~*~tactically~*~*~ (hiding).
  2550 | D:3      | 2550 ||| Stepping ~*~*~tactically~*~*~ (hiding).
  2552 | D:3      | 2552 ||| Stepping ~*~*~tactically~*~*~ (hiding).
  2622 | D:3      | 2622 ||| Stepping ~*~*~tactically~*~*~ (stealth).
  2666 | D:3      | Found a glowing silver altar of Zin.
  2877 | D:3      | 2877 ||| READING scroll labelled VUSMOYFOIFO.
  2878 | D:3      | 2878 ||| READING scroll labelled ZIZIKH YMPOMI.
  2879 | D:3      | 2879 ||| READING 2 scrolls labelled SOCAITS WEARO.
  2880 | D:3      | 2880 ||| READING 2 scrolls labelled ISUICA MELYX.
  2881 | D:3      | 2881 ||| DROPPING scroll of immolation.
  2882 | D:3      | 2882 ||| DROPPING scroll of magic mapping.
  2917 | D:4      | 2917 ||| Stepping ~*~*~tactically~*~*~ (hiding).
  2918 | D:4      | Noticed a phantom
  2931 | D:4      | HP: 8/32 [something (2)]
  2932 | D:4      | Reached skill level 5 in Axes
  2932 | D:4      | 2932 ||| READING 4 scrolls of teleportation.
  2935 | D:4      | Found a staircase to the Ecumenical Temple.
  2936 | D:4      | 2936 ||| PLANNING TEMPLE
  2936 | D:4      | 2936 ||| READING 3 scrolls of teleportation.
  3039 | D:4      | Noticed an ogre
  3044 | D:4      | Killed an ogre
  3045 | D:4      | Reached XP level 6. HP: 23/39 MP: 6/6
  3045 | D:4      | 3045 ||| Invisible monster not found???
  3386 | D:4      | 3386 ||| Stepping ~*~*~tactically~*~*~ (stealth).
  3388 | D:4      | Found a radiant altar of Vehumet.
  3397 | D:4      | Reached skill level 1 in Dodging
  3408 | D:4      | 3408 ||| UPGRADING to amulet of the acrobat.
  3413 | D:4      | 3413 ||| Stepping ~*~*~tactically~*~*~ (stealth).
  3414 | D:4      | 3414 ||| READING scroll labelled RYPUEN TAOLU.
  3415 | D:4      | 3415 ||| READING 2 scrolls of identify.
  3415 | D:4      | 3415 ||| IDENTIFYING brown potion
  3416 | D:4      | 3416 ||| Stepping ~*~*~tactically~*~*~ (stealth).
  3420 | D:4      | 3420 ||| DROPPING +3 whip of venom.
  3429 | D:4      | 3429 ||| Stepping ~*~*~tactically~*~*~ (hiding).
  3502 | D:4      | 3502 ||| Stepping ~*~*~tactically~*~*~ (stealth).
  3595 | D:4      | 3595 ||| READING 2 scrolls of identify.
  3595 | D:4      | 3595 ||| IDENTIFYING clear potion
  3596 | D:4      | 3596 ||| DROPPING potion of invisibility.
  3610 | Temple   | Entered the Ecumenical Temple
  3731 | Temple   | 3731 ||| PLANNING D:1-11
  3743 | Temple   | Became a worshipper of Warmaster Okawaru
  3744 | Temple   | 3744 ||| DROPPING amulet of guardian spirit.
  4092 | D:5      | Entered Level 5 of the Dungeon
  4115 | D:5      | Noticed a black bear
  4123 | D:5      | Killed a black bear
  4124 | D:5      | Reached skill level 6 in Axes
  4124 | D:5      | Reached XP level 7. HP: 42/44 MP: 7/7
  4214 | D:5      | 4214 ||| FLEEEEING.
  4215 | D:5      | 4215 ||| FLEEEEING.
  4216 | D:5      | 4216 ||| FLEEEEING.
  4217 | D:5      | 4217 ||| FLEEEEING.
  4218 | D:5      | 4218 ||| FLEEEEING.
  4219 | D:5      | 4219 ||| FLEEEEING.
  4221 | D:5      | 4221 ||| FLEEEEING.
  4222 | D:5      | 4222 ||| FLEEEEING.
  4223 | D:5      | 4223 ||| FLEEEEING.
  4224 | D:5      | 4224 ||| FLEEEEING.
  4225 | D:5      | 4225 ||| FLEEEEING.
  4226 | D:5      | 4226 ||| FLEEEEING.
  4227 | D:5      | 4227 ||| STAIRDANCE
  4324 | D:4      | 4324 ||| READING scroll labelled PUEG KEGAAWN.
  4331 | D:5      | Reached * piety under Okawaru
  4332 | D:5      | 4332 ||| STAIRDANCE
  4439 | D:5      | Noticed a troll
  4441 | D:5      | Found a transporter.
  4441 | D:5      | Noticed qw's ghost (novice GrFi)
  4459 | D:5      | Found a basalt altar of Yredelemnul.
  4461 | D:5      | Identified the +1 leather armour "Mayhed" {rF+ rN+ Str-5
                  | Slay+2}
  4698 | D:5      | Found a transporter.
  4817 | D:5      | 4817 ||| DROPPING +1 leather armour "Mayhed" {rF+ rN+ Str-5
                  | Slay+2}.
  4818 | D:5      | 4818 ||| UPGRADING to +4 ring mail.
  4828 | D:5      | 4828 ||| DROPPING +0 scale mail.
  4829 | D:5      | 4829 ||| READING scroll labelled NOWORI FAICOMAE.
  4830 | D:5      | 4830 ||| READING scroll labelled CYUZENKUONT.
  4830 | D:5      | Identified a scroll of acquirement
  4830 | D:5      | 4830 ||| ACQUIRING +1 broad axe of electrocution
  4830 | D:5      | Acquired a +1 broad axe of electrocution
  4832 | D:5      | 4832 ||| SWAPPING to +1 broad axe of electrocution.
  4833 | D:5      | 4833 ||| DROPPING +1 war axe.
  4834 | D:5      | 4834 ||| DRINKING 2 red potions.
  4835 | D:5      | 4835 ||| DROPPING potion of brilliance.
  4851 | D:6      | Reached skill level 1 in Invocations
  4887 | D:6      | Reached skill level 7 in Axes
  4906 | D:6      | 4906 ||| INVOKING Heroism.
  4911 | D:6      | Reached XP level 8. HP: 48/48 MP: 6/9
  4953 | D:6      | 4953 ||| INVOKING Heroism.
  4985 | D:6      | 4985 ||| Stepping ~*~*~tactically~*~*~ (stealth).
  5000 | D:6      | Reached skill level 3 in Invocations
  5036 | D:6      | 5036 ||| INVOKING Heroism.
  5256 | D:6      | 5256 ||| Stepping ~*~*~tactically~*~*~ (hiding).
  5345 | D:6      | 5345 ||| Stepping ~*~*~tactically~*~*~ (hiding).
  5436 | D:6      | 5436 ||| INVOKING Heroism.
  5460 | D:6      | 5460 ||| FLEEEEING.
  5461 | D:6      | 5461 ||| FLEEEEING.
  5561 | D:6      | 5561 ||| INVOKING Heroism.
  5571 | D:6      | Reached skill level 8 in Axes
  5611 | D:6      | Reached ** piety under Okawaru
  5700 | D:6      | Identified the +0 robe "Let Mosi" {rElec Str+5 Dex+5}
  5758 | D:6      | 5758 ||| Stepping ~*~*~tactically~*~*~ (stealth).
  5760 | D:6      | 5760 ||| Stepping ~*~*~tactically~*~*~ (stealth).
  5765 | D:6      | 5765 ||| INVOKING Heroism.
  5845 | D:6      | 5845 ||| DROPPING +0 flail.
  5958 | D:6      | 5958 ||| DROPPING orb of wrath.
  5959 | D:6      | 5959 ||| UPGRADING to +0 chain mail.
  5969 | D:6      | 5969 ||| DROPPING +4 ring mail.
  5970 | D:6      | 5970 ||| READING 3 scrolls of identify.
  5970 | D:6      | 5970 ||| IDENTIFYING bubbling pink potion
  5971 | D:6      | 5971 ||| READING 2 scrolls of identify.
  5971 | D:6      | 5971 ||| IDENTIFYING inky potion
  5972 | D:6      | 5972 ||| DROPPING potion of ambrosia.
  5993 | D:7      | Noticed Joseph
  5994 | D:7      | 5994 ||| Stepping ~*~*~tactically~*~*~ (hiding).
  6001 | D:7      | 6001 ||| INVOKING Heroism.
  6007 | D:7      | Killed Joseph
  6008 | D:7      | Reached XP level 9. HP: 19/57 MP: 9/12
  6230 | D:7      | 6230 ||| INVOKING Heroism.
  6237 | D:7      | 6237 ||| Stepping ~*~*~tactically~*~*~ (hiding).
  6238 | D:7      | 6238 ||| Stepping ~*~*~tactically~*~*~ (hiding).
  6239 | D:7      | 6239 ||| Stepping ~*~*~tactically~*~*~ (hiding).
  6240 | D:7      | 6240 ||| Stepping ~*~*~tactically~*~*~ (hiding).
  6242 | D:7      | 6242 ||| Stepping ~*~*~tactically~*~*~ (hiding).
  6251 | D:7      | 6251 ||| INVOKING Heroism.
  6273 | D:7      | 6273 ||| Stepping ~*~*~tactically~*~*~ (stealth).
  6356 | D:7      | 6356 ||| DROPPING +2 vorpal flail.
  6375 | D:7      | Reached skill level 9 in Axes
  6470 | D:7      | 6470 ||| Stepping ~*~*~tactically~*~*~ (stealth).
  6473 | D:7      | 6473 ||| INVOKING Heroism.
  6479 | D:7      | Reached *** piety under Okawaru
  6486 | D:7      | 6486 ||| INVOKING Heroism.
  6647 | D:7      | Identified the +4 ring mail of the Known World {Harm rElec
                  | Dex-2}
  6795 | D:7      | Reached skill level 10 in Axes
  6812 | D:7      | 6812 ||| Stepping ~*~*~tactically~*~*~ (hiding).
  6813 | D:7      | 6813 ||| Stepping ~*~*~tactically~*~*~ (hiding).
  6820 | D:7      | Reached XP level 10. HP: 58/63 MP: 13/13
  7263 | D:7      | 7263 ||| UPGRADING to +0 plate armour.
  7273 | D:7      | 7273 ||| DROPPING +0 chain mail.
  7274 | D:7      | 7274 ||| READING 2 scrolls of identify.
  7274 | D:7      | 7274 ||| IDENTIFYING murky orange potion
  7567 | D:8      | 7567 ||| Stepping ~*~*~tactically~*~*~ (stealth).
  7569 | D:8      | 7569 ||| INVOKING Heroism.
  7581 | D:8      | Reached skill level 6 in Armour
  7725 | D:8      | 7725 ||| INVOKING Heroism.
  7731 | D:8      | Received a gift from Okawaru
  7732 | D:8      | Noticed a two-headed ogre
  7743 | D:8      | Killed a two-headed ogre
  7743 | D:8      | Reached **** piety under Okawaru
  7744 | D:8      | Reached skill level 6 in Shields
  7744 | D:8      | 7744 ||| INVOKING Heroism.
  7744 | D:8      | HP: 12/64 [gnoll/+0 spear[a gnoll bouda] (6)]
  7745 | D:8      | 7745 ||| READING 3 scrolls of teleportation.
  7750 | D:8      | 7750 ||| FLEEEEING.
  7751 | D:8      | 7751 ||| STAIRDANCE
  8003 | D:7      | 8003 ||| UPGRADING to +0 pair of gloves.
  8008 | D:7      | 8008 ||| UPGRADING to +1 plate armour of cold resistance.
  8018 | D:7      | 8018 ||| DROPPING +0 plate armour.
  8019 | D:7      | 8019 ||| UPGRADING to +2 hat.
  8024 | D:7      | 8024 ||| UPGRADING to +4 ring of protection.
  8025 | D:7      | 8025 ||| READING scroll labelled ROEMUA VOICODUO.
  8026 | D:7      | 8026 ||| READING 2 scrolls of identify.
  8026 | D:7      | 8026 ||| IDENTIFYING viscous coppery potion
  8196 | D:8      | 8196 ||| READING scroll labelled DOXKOKK ITOCUOCK.
  8323 | D:9      | 8323 ||| Stepping ~*~*~tactically~*~*~ (hiding).
  8503 | D:9      | 8503 ||| READING scroll of enchant armour.
  8503 | D:9      | 8503 ||| ENCHANTING +0 pair of gloves.
  8509 | D:9      | Noticed Harold
  8510 | D:9      | 8510 ||| INVOKING Heroism.
  8519 | D:9      | Paralysed by Harold for 5 turns
  8528 | D:9      | Killed Harold
  8633 | D:9      | Noticed an orc knight
  8633 | D:9      | Noticed an orc sorcerer
  8634 | D:9      | 8634 ||| Stepping ~*~*~tactically~*~*~ (hiding).
  8636 | D:9      | 8636 ||| INVOKING Heroism.
  8640 | D:9      | Reached skill level 6 in Invocations
  8642 | D:9      | Killed an orc sorcerer
  8643 | D:9      | Reached XP level 11. HP: 48/68 MP: 12/15
  8650 | D:9      | Killed an orc knight
  8650 | D:9      | Reached ***** piety under Okawaru
  8655 | D:9      | HP: 13/68 [orc/+0 trident[an orc knight] (5)]
  8656 | D:9      | Reached skill level 11 in Axes
  8656 | D:9      | 8656 ||| READING 2 scrolls of teleportation.
  8657 | D:9      | 8657 ||| DRINKING potion of heal wounds.
  8659 | D:9      | Found a faded altar of an unknown god.
  8659 | D:9      | Found a glowing golden altar of the Shining One.
  8659 | D:9      | Found a hide-covered altar of Uskayaw.
  8659 | D:9      | Found a broken altar of Ashenzari.
  8659 | D:9      | Found a faded altar of an unknown god.
  8661 | D:9      | 8661 ||| INVOKING Heroism.
  8954 | D:9      | Found a sacrificial altar of Ru.
  8976 | D:9      | Found a staircase to the Orcish Mines.
  9257 | D:9      | 9257 ||| Stepping ~*~*~tactically~*~*~ (hiding).
  9258 | D:9      | 9258 ||| Stepping ~*~*~tactically~*~*~ (hiding).
  9261 | D:9      | 9261 ||| INVOKING Heroism.
  9330 | D:9      | Received a gift from Okawaru
  9346 | D:9      | Noticed a boulder beetle
  9347 | D:9      | 9347 ||| INVOKING Heroism.
  9349 | D:9      | 9349 ||| INVOKING Finesse.
  9378 | D:9      | 9378 ||| INVOKING Heroism.
  9379 | D:9      | Killed a boulder beetle
  9434 | D:9      | 9434 ||| INVOKING Heroism.
  9619 | D:9      | 9619 ||| INVOKING Heroism.
  9628 | D:9      | Identified the +0 helmet of the Iron Devil {rN++ Will+
                  | Int+4} (Okawaru gifted it to you on level 9 of the Dungeon)
  9628 | D:9      | Received a gift from Okawaru
  9690 | D:9      | Identified the +2 robe of Wuidghuj {Rampage +Blink Dex-3}
  9728 | D:9      | Noticed a cyclops
  9728 | D:9      | Noticed a red ugly thing
  9728 | D:9      | Noticed a brown ugly thing
  9729 | D:9      | 9729 ||| INVOKING Heroism.
  9733 | D:9      | Killed a cyclops
  9748 | D:9      | Killed a brown ugly thing
  9748 | D:9      | Killed a brown ugly thing
  9749 | D:9      | Reached skill level 9 in Fighting
  9749 | D:9      | Reached skill level 9 in Invocations
  9790 | D:9      | Noticed a centaur warrior
  9791 | D:9      | 9791 ||| Stepping ~*~*~tactically~*~*~ (hiding).
  9799 | D:9      | Killed a centaur warrior
  9971 | D:9      | 9971 ||| UPGRADING to +0 helmet of the Iron Devil {rN++
                  | Will+ Int+4}.
  9981 | D:9      | 9981 ||| REMOVING ring of positive energy.
  9982 | D:9      | 9982 ||| DROPPING +2 hat.
  9983 | D:9      | 9983 ||| UPGRADING to ring of protection from cold.
 10015 | D:10     | Entered Level 10 of the Dungeon
 10020 | D:10     | 10020 ||| INVOKING Heroism.
 10026 | D:10     | 10026 ||| Stepping ~*~*~tactically~*~*~ (hiding).
 10027 | D:10     | 10027 ||| Stepping ~*~*~tactically~*~*~ (hiding).
 10099 | D:10     | 10099 ||| INVOKING Heroism.
 10240 | D:10     | Found Zeunta Sixi's Weapon Emporium.
 10372 | D:10     | 10372 ||| Stepping ~*~*~tactically~*~*~ (stealth).
 10383 | D:10     | 10383 ||| INVOKING Heroism.
 10519 | D:10     | 10519 ||| Stepping ~*~*~tactically~*~*~ (hiding).
 10521 | D:10     | 10521 ||| Stepping ~*~*~tactically~*~*~ (hiding).
 10529 | D:10     | Reached XP level 12. HP: 76/76 MP: 19/19
 10972 | D:10     | 10972 ||| UPGRADING to +0 pair of boots.
 10977 | D:10     | 10977 ||| DROPPING ring of wizardry.
 10978 | D:10     | 10978 ||| READING scroll labelled GYTWE GIWAHUNNO.
 10979 | D:10     | 10979 ||| READING scroll labelled AWNUTUPSAIQ.
 11110 | D:11     | 11110 ||| INVOKING Heroism.
 11318 | D:11     | 11318 ||| INVOKING Heroism.
 11324 | D:11     | Noticed a sun demon
 11324 | D:11     | 11324 ||| INVOKING Finesse.
 11496 | D:11     | 11496 ||| Stepping ~*~*~tactically~*~*~ (hiding).
 11505 | D:11     | 11505 ||| INVOKING Heroism.
 11583 | D:11     | Found a staircase to the Lair.
 11598 | D:11     | 11598 ||| INVOKING Heroism.
 11603 | D:11     | Reached skill level 12 in Axes
 11643 | D:11     | Noticed a two-headed ogre
 11659 | D:11     | Killed a two-headed ogre
 11728 | D:11     | 11728 ||| Stepping ~*~*~tactically~*~*~ (stealth).
 11730 | D:11     | 11730 ||| Stepping ~*~*~tactically~*~*~ (stealth).
 11750 | D:11     | 11750 ||| Stepping ~*~*~tactically~*~*~ (stealth).
 11760 | D:11     | Reached skill level 9 in Armour
 11796 | D:11     | Found a hide-covered altar of Uskayaw.
 11796 | D:11     | Noticed a +0 dagger
 11797 | D:11     | 11797 ||| INVOKING Heroism.
 11797 | D:11     | Noticed a +0 spear
 11799 | D:11     | Noticed a +0 short sword
 11811 | D:11     | Noticed a +0 short sword
 11811 | D:11     | Noticed a +0 dagger
 11812 | D:11     | Noticed a +0 spear
 12218 | D:11     | 12218 ||| PLANNING LAIR
 12218 | D:11     | 12218 ||| READING scroll labelled ROJUYC TOZI.
 12256 | Lair:1   | Entered Level 1 of the Lair of Beasts
 12366 | Lair:1   | 12366 ||| Stepping ~*~*~tactically~*~*~ (stealth).
 12375 | Lair:1   | 12375 ||| Stepping ~*~*~tactically~*~*~ (stealth).
 12382 | Lair:1   | 12382 ||| Stepping ~*~*~tactically~*~*~ (stealth).
 12383 | Lair:1   | 12383 ||| Stepping ~*~*~tactically~*~*~ (stealth).
 12479 | Lair:1   | 12479 ||| Stepping ~*~*~tactically~*~*~ (hiding).
 12484 | Lair:1   | 12484 ||| Stepping ~*~*~tactically~*~*~ (stealth).
 12487 | Lair:1   | 12487 ||| Stepping ~*~*~tactically~*~*~ (stealth).
 12489 | Lair:1   | 12489 ||| Stepping ~*~*~tactically~*~*~ (stealth).
 12490 | Lair:1   | 12490 ||| INVOKING Heroism.
 12494 | Lair:1   | 12494 ||| Stepping ~*~*~tactically~*~*~ (stealth).
 12499 | Lair:1   | Identified the +0 hat of the Garden {Harm rPois} (Okawaru
                  | gifted it to you on level 1 of the Lair of Beasts)
 12499 | Lair:1   | Received a gift from Okawaru
 12773 | Lair:1   | 12773 ||| INVOKING Heroism.
 12807 | Lair:1   | 12807 ||| Stepping ~*~*~tactically~*~*~ (stealth).
 12812 | Lair:1   | 12812 ||| Stepping ~*~*~tactically~*~*~ (stealth).
 12852 | Lair:1   | Noticed Gastronok
 12853 | Lair:1   | 12853 ||| INVOKING Heroism.
 12868 | Lair:1   | Reached skill level 13 in Axes
 12878 | Lair:1   | Killed Gastronok
 13098 | Lair:1   | Reached XP level 13. HP: 82/82 MP: 20/20
 13099 | Lair:1   | Noticed Grum
 13100 | Lair:1   | 13100 ||| INVOKING Heroism.
 13101 | Lair:1   | 13101 ||| INVOKING Finesse.
 13104 | Lair:1   | 13104 ||| Stepping ~*~*~tactically~*~*~ (hiding).
 13121 | Lair:1   | Killed Grum
 13446 | Lair:1   | 13446 ||| DROPPING +0 hat of the Garden {Harm rPois}.
 13447 | Lair:1   | 13447 ||| DROPPING ring of magical power.
 13448 | Lair:1   | 13448 ||| DRINKING 2 lumpy coppery potions.
 13448 | Lair:1   | Gained mutation: You possess an exceptional clarity of
                  | mind. [potion of mutation]
 13448 | Lair:1   | Gained mutation: You are robust. (+10% HP) [potion of
                  | mutation]
 13448 | Lair:1   | Gained mutation: You occasionally shout uncontrollably at
                  | your foes. [potion of mutation]
 13480 | Lair:1   | 13480 ||| READING 3 scrolls of identify.
 13480 | Lair:1   | 13480 ||| IDENTIFYING black potion
 13481 | Lair:1   | 13481 ||| READING 2 scrolls of identify.
 13481 | Lair:1   | 13481 ||| IDENTIFYING golden potion
 13523 | Lair:2   | 13523 ||| INVOKING Heroism.
 13524 | Lair:2   | 13524 ||| INVOKING Finesse.
 13596 | Lair:2   | 13596 ||| Stepping ~*~*~tactically~*~*~ (hiding).
 13602 | Lair:2   | 13602 ||| INVOKING Heroism.
 13754 | Lair:2   | Found a hole to the Spider Nest.
 13970 | Lair:2   | 13970 ||| READING scroll of enchant weapon.
 13970 | Lair:2   | 13970 ||| ENCHANTING +1 broad axe of draining.
 14078 | Lair:2   | 14078 ||| Stepping ~*~*~tactically~*~*~ (stealth).
 14081 | Lair:2   | 14081 ||| Stepping ~*~*~tactically~*~*~ (stealth).
 14108 | Lair:2   | 14108 ||| Stepping ~*~*~tactically~*~*~ (stealth).
 14119 | Lair:2   | 14119 ||| INVOKING Heroism.
 14360 | Lair:2   | 14360 ||| INVOKING Heroism.
 14578 | Lair:2   | 14578 ||| READING scroll of enchant weapon.
 14578 | Lair:2   | 14578 ||| ENCHANTING +2 broad axe of draining.
 14694 | Lair:2   | 14694 ||| DROPPING +1 pair of gloves.
 14695 | Lair:2   | 14695 ||| DROPPING +3 chain mail.
 14778 | Lair:3   | 14778 ||| Stepping ~*~*~tactically~*~*~ (hiding).
 14782 | Lair:3   | 14782 ||| INVOKING Heroism.
 15053 | Lair:3   | Reached skill level 14 in Axes
 15169 | Lair:3   | 15169 ||| Stepping ~*~*~tactically~*~*~ (hiding).
 15174 | Lair:3   | 15174 ||| INVOKING Heroism.
 15175 | Lair:3   | 15175 ||| INVOKING Finesse.
 15344 | Lair:3   | 15344 ||| Stepping ~*~*~tactically~*~*~ (hiding).
 15345 | Lair:3   | 15345 ||| Stepping ~*~*~tactically~*~*~ (hiding).
 15432 | Lair:3   | 15432 ||| INVOKING Heroism.
 15433 | Lair:3   | 15433 ||| INVOKING Finesse.
 15502 | Lair:3   | Found a staircase to the Swamp.
 15503 | Lair:3   | 15503 ||| Stepping ~*~*~tactically~*~*~ (hiding).
 15512 | Lair:3   | 15512 ||| INVOKING Heroism.
 15990 | Lair:3   | 15990 ||| Stepping ~*~*~tactically~*~*~ (hiding).
 16214 | Lair:3   | Received a gift from Okawaru
 16318 | Lair:3   | 16318 ||| READING 3 scrolls of identify.
 16318 | Lair:3   | 16318 ||| IDENTIFYING dark potion
 16319 | Lair:3   | 16319 ||| DROPPING potion of degeneration.
 16337 | Lair:4   | 16337 ||| STAIRDANCE
 16375 | Lair:4   | 16375 ||| STAIRDANCE
 16402 | Lair:4   | Identified the +0 robe of the Sky {rN+ rCorr}
 16503 | Lair:4   | 16503 ||| INVOKING Heroism.
 16638 | Lair:4   | 16638 ||| Stepping ~*~*~tactically~*~*~ (stealth).
 16641 | Lair:4   | 16641 ||| INVOKING Heroism.
 16744 | Lair:4   | 16744 ||| Stepping ~*~*~tactically~*~*~ (stealth).
 16789 | Lair:4   | 16789 ||| INVOKING Heroism.
 16808 | Lair:4   | Noticed Kirke
 16809 | Lair:4   | 16809 ||| INVOKING Finesse.
 16815 | Lair:4   | 16815 ||| FLEEEEING.
 16816 | Lair:4   | 16816 ||| FLEEEEING.
 16817 | Lair:4   | 16817 ||| FLEEEEING.
 16821 | Lair:4   | 16821 ||| FLEEEEING.
 16823 | Lair:4   | 16823 ||| FLEEEEING.
 16824 | Lair:4   | 16824 ||| FLEEEEING.
 16825 | Lair:4   | 16825 ||| FLEEEEING.
 16828 | Lair:4   | 16828 ||| STAIRDANCE
 16943 | Lair:3   | 16943 ||| READING scroll labelled SAUTREHOJU.
 17046 | Lair:4   | 17046 ||| INVOKING Heroism.
 17047 | Lair:4   | 17047 ||| INVOKING Finesse.
 17052 | Lair:4   | Killed Kirke
 17072 | Lair:4   | 17072 ||| SWAPPING to +4 morningstar.
 17082 | Lair:4   | 17082 ||| SWAPPING to +3 broad axe of draining.
 17619 | Lair:5   | Entered Level 5 of the Lair of Beasts
 17622 | Lair:5   | 17622 ||| Stepping ~*~*~tactically~*~*~ (stealth).
 17625 | Lair:5   | 17625 ||| INVOKING Heroism.
 17643 | Lair:5   | 17643 ||| Stepping ~*~*~tactically~*~*~ (stealth).
 17669 | Lair:5   | Reached skill level 15 in Axes
 17684 | Lair:5   | 17684 ||| FLEEEEING.
 17685 | Lair:5   | 17685 ||| STAIRDANCE
 17733 | Lair:5   | 17733 ||| STAIRDANCE
 17758 | Lair:5   | 17758 ||| INVOKING Heroism.
 17761 | Lair:5   | 17761 ||| STAIRDANCE
 17776 | Lair:5   | 17776 ||| STAIRDANCE
 17883 | Lair:5   | 17883 ||| STAIRDANCE
 17890 | Lair:5   | 17890 ||| STAIRDANCE
 17894 | Lair:5   | 17894 ||| INVOKING Heroism.
 17895 | Lair:5   | 17895 ||| STAIRDANCE
 17908 | Lair:5   | 17908 ||| STAIRDANCE
 17952 | Lair:5   | Gained mutation: Your large and strong wings let you fly.
                  | [Gargoyle growth]
 17952 | Lair:5   | Reached XP level 14. HP: 97/99 MP: 21/21
 17964 | Lair:5   | 17964 ||| STAIRDANCE
 17970 | Lair:5   | 17970 ||| STAIRDANCE
 18015 | Lair:5   | 18015 ||| STAIRDANCE
 18109 | Lair:5   | 18109 ||| Stepping ~*~*~tactically~*~*~ (stealth).
 18122 | Lair:5   | 18122 ||| Stepping ~*~*~tactically~*~*~ (stealth).
 18127 | Lair:5   | Received a gift from Okawaru
 18278 | Lair:5   | 18278 ||| Stepping ~*~*~tactically~*~*~ (stealth).
 18314 | Lair:5   | 18314 ||| INVOKING Heroism.
 18315 | Lair:5   | Identified the +6 battleaxe of Royalism {freeze, Int+7}
 18316 | Lair:5   | Identified the +7 great sword "Acarinebane" {vorpal, Fly
                  | rElec rC- Dex+3}
 18321 | Lair:5   | Reached skill level 12 in Fighting
 18414 | Lair:5   | 18414 ||| INVOKING Heroism.
 18424 | Lair:5   | 18424 ||| INVOKING Finesse.
 18479 | Lair:5   | 18479 ||| INVOKING Heroism.
 18480 | Lair:5   | 18480 ||| Stepping ~*~*~tactically~*~*~ (stealth).
 18537 | Lair:5   | 18537 ||| FLEEEEING.
 18567 | Lair:5   | 18567 ||| FLEEEEING.
 18568 | Lair:5   | 18568 ||| FLEEEEING.
 18569 | Lair:5   | 18569 ||| STAIRDANCE
 18778 | Lair:5   | Identified the +1 cloak "Hilouq" {rPois Will- SInv}
                  | (Okawaru gifted it to you on level 5 of the Lair of Beasts)
 18778 | Lair:5   | Received a gift from Okawaru
 18791 | Lair:5   | 18791 ||| INVOKING Heroism.
 18792 | Lair:5   | 18792 ||| INVOKING Finesse.
 18856 | Lair:5   | 18856 ||| INVOKING Heroism.
 18981 | Lair:5   | 18981 ||| Stepping ~*~*~tactically~*~*~ (stealth).
 18982 | Lair:5   | 18982 ||| Stepping ~*~*~tactically~*~*~ (stealth).
 18983 | Lair:5   | 18983 ||| Stepping ~*~*~tactically~*~*~ (stealth).
 18984 | Lair:5   | 18984 ||| Stepping ~*~*~tactically~*~*~ (stealth).
 18985 | Lair:5   | 18985 ||| Stepping ~*~*~tactically~*~*~ (stealth).
 18988 | Lair:5   | 18988 ||| Stepping ~*~*~tactically~*~*~ (stealth).
 18989 | Lair:5   | 18989 ||| INVOKING Heroism.
 19010 | Lair:5   | Reached skill level 16 in Axes
 19027 | Lair:5   | 19027 ||| Stepping ~*~*~tactically~*~*~ (stealth).
 19053 | Lair:5   | 19053 ||| Stepping ~*~*~tactically~*~*~ (stealth).
 19117 | Lair:5   | 19117 ||| Stepping ~*~*~tactically~*~*~ (stealth).
 19118 | Lair:5   | 19118 ||| Stepping ~*~*~tactically~*~*~ (stealth).
 19119 | Lair:5   | 19119 ||| INVOKING Heroism.
 19120 | Lair:5   | 19120 ||| Stepping ~*~*~tactically~*~*~ (stealth).
 19122 | Lair:5   | 19122 ||| Stepping ~*~*~tactically~*~*~ (stealth).
 19123 | Lair:5   | 19123 ||| Stepping ~*~*~tactically~*~*~ (stealth).
 19163 | Lair:5   | 19163 ||| INVOKING Heroism.
 19390 | Lair:5   | Found a viscous altar of Jiyva.
 19391 | Lair:5   | Found a staircase to the Slime Pits.
 19590 | Lair:5   | 19590 ||| PLANNING D
 19590 | Lair:5   | 19590 ||| UPGRADING to +1 cloak "Hilouq" {rPois Will-
                  | SInv}.
 19595 | Lair:5   | 19595 ||| DROPPING +6 ring of intelligence.
 19596 | Lair:5   | 19596 ||| READING 2 scrolls of identify.
 19596 | Lair:5   | 19596 ||| IDENTIFYING puce potion
 19704 | D:12     | 19704 ||| PLANNING GAUNTLET
 19721 | D:12     | Found a gate leading to a gauntlet.
 19728 | D:12     | 19728 ||| FLEEEEING.
 19729 | D:12     | 19729 ||| FLEEEEING.
 19730 | D:12     | 19730 ||| FLEEEEING.
 19732 | D:12     | 19732 ||| FLEEEEING.
 19734 | D:12     | 19734 ||| FLEEEEING.
 19735 | D:12     | 19735 ||| FLEEEEING.
 19738 | D:12     | 19738 ||| STAIRDANCE
 19911 | D:12     | 19911 ||| Stepping ~*~*~tactically~*~*~ (hiding).
 19917 | D:12     | 19917 ||| Stepping ~*~*~tactically~*~*~ (hiding).
 19921 | D:12     | 19921 ||| Stepping ~*~*~tactically~*~*~ (hiding).
 19923 | D:12     | 19923 ||| INVOKING Heroism.
 19986 | Gauntlet | Entered a Gauntlet
 19986 | Gauntlet | Found a transporter.
 19986 | Gauntlet | Found a large runed translucent door.
 19986 | Gauntlet | Found a large runed translucent door.
 19986 | Gauntlet | Found a large runed translucent door.
 19986 | Gauntlet | Found a large runed translucent door.
 19986 | Gauntlet | Found a runed translucent door.
 19986 | Gauntlet | Found a runed translucent door.
 19986 | Gauntlet | Found a large runed translucent door.
 19986 | Gauntlet | Found a large runed translucent door.
 19986 | Gauntlet | Found a large runed translucent door.
 19986 | Gauntlet | Found a large runed translucent door.
 19986 | Gauntlet | Found a large runed translucent door.
 19986 | Gauntlet | Found a large runed translucent door.
 19987 | Gauntlet | Found a large runed translucent door.
 19987 | Gauntlet | Found a large runed translucent door.
 19995 | Gauntlet | Found a transporter.
 20010 | Gauntlet | Found a transporter.
 20015 | Gauntlet | Found a transporter.
 20030 | Gauntlet | Found a transporter.
 20049 | Gauntlet | Found a transporter.
 20061 | Gauntlet | Found a transporter.
 20073 | Gauntlet | Found a transporter.
 20079 | Gauntlet | Found a transporter.
 20079 | Gauntlet | Found a transporter.
 20098 | Gauntlet | Found a transporter.
 20110 | Gauntlet | Found a transporter.
 20127 | Gauntlet | Found a transporter.
 20145 | Gauntlet | Found a transporter.
 20147 | Gauntlet | Found a transporter.
 20165 | Gauntlet | Found a large runed translucent door.
 20166 | Gauntlet | Found a large runed translucent door.
 20170 | Gauntlet | Found a runed translucent gate.
 20170 | Gauntlet | Found a runed translucent gate.
 20170 | Gauntlet | Found a runed translucent gate.
 20172 | Gauntlet | Found a transporter.
 20174 | Gauntlet | Found a transporter.
 20190 | Gauntlet | Found a large runed translucent door.
 20191 | Gauntlet | Found a large runed translucent door.
 20204 | Gauntlet | Found a transporter.
 20403 | Gauntlet | 20403 ||| INVOKING Heroism.
 20419 | Gauntlet | Identified the ring of Obsession {Wiz Will+}
 20421 | Gauntlet | 20421 ||| UPGRADING to ring of Obsession {Wiz Will+}.
 20457 | Gauntlet | Reached skill level 12 in Armour
 20595 | Gauntlet | 20595 ||| DROPPING +1 hat of willpower.
 20612 | Gauntlet | Identified the ring "Kechaqix" {rC+ rN+ Int+6}
 20613 | Gauntlet | 20613 ||| Stepping ~*~*~tactically~*~*~ (hiding).
 20621 | Gauntlet | 20621 ||| INVOKING Heroism.
 20826 | Gauntlet | 20826 ||| DROPPING ring of positive energy.
 20827 | Gauntlet | 20827 ||| DROPPING ring of ice.
 20860 | Gauntlet | 20860 ||| Stepping ~*~*~tactically~*~*~ (stealth).
 20861 | Gauntlet | 20861 ||| Stepping ~*~*~tactically~*~*~ (stealth).
 20863 | Gauntlet | 20863 ||| INVOKING Heroism.
 20864 | Gauntlet | 20864 ||| INVOKING Finesse.
 20870 | Gauntlet | Reached skill level 3 in Dodging
 21049 | D:12     | 21049 ||| PLANNING D
 21156 | D:12     | Found a hazy altar of Hepliaklqana.
 21249 | D:12     | 21249 ||| INVOKING Heroism.
 21250 | D:12     | 21250 ||| INVOKING Finesse.
 21491 | D:12     | 21491 ||| UPGRADING to +0 kite shield.
 21501 | D:12     | 21501 ||| DROPPING +0 buckler.
 21536 | D:13     | 21536 ||| INVOKING Heroism.
 21537 | D:13     | 21537 ||| INVOKING Finesse.
 21538 | D:13     | 21538 ||| SWAPPING to +4 morningstar.
 21544 | D:13     | 21544 ||| SWAPPING to +3 broad axe of draining.
 21727 | D:13     | 21727 ||| Stepping ~*~*~tactically~*~*~ (stealth).
 21886 | D:13     | 21886 ||| Stepping ~*~*~tactically~*~*~ (hiding).
 21889 | D:13     | 21889 ||| Stepping ~*~*~tactically~*~*~ (stealth).
 22016 | D:13     | Reached skill level 9 in Shields
 22036 | D:13     | Noticed Snorg
 22037 | D:13     | 22037 ||| INVOKING Heroism.
 22038 | D:13     | 22038 ||| INVOKING Finesse.
 22056 | D:13     | Killed Snorg
 22057 | D:13     | Reached XP level 15. HP: 105/105 MP: 15/22
 22091 | D:13     | Identified the ring "Utungal" {rPois Dex+2}
 22157 | D:13     | 22157 ||| INVOKING Heroism.
 22167 | D:13     | Reached skill level 3 in Throwing
 22460 | D:14     | 22460 ||| READING 8 scrolls of teleportation.
 22461 | D:14     | 22461 ||| STAIRDANCE
 22500 | D:14     | 22500 ||| STAIRDANCE
 22615 | D:14     | 22615 ||| INVOKING Heroism.
 22623 | D:14     | 22623 ||| STAIRDANCE
 22645 | D:14     | 22645 ||| STAIRDANCE
 22720 | D:14     | 22720 ||| STAIRDANCE
 22785 | D:14     | 22785 ||| READING 7 scrolls of teleportation.
 22786 | D:14     | 22786 ||| STAIRDANCE
 22833 | D:14     | 22833 ||| READING 6 scrolls of teleportation.
 22834 | D:14     | 22834 ||| STAIRDANCE
 22852 | D:14     | 22852 ||| READING 5 scrolls of teleportation.
 22853 | D:14     | 22853 ||| STAIRDANCE
 22895 | D:14     | 22895 ||| READING 4 scrolls of teleportation.
 22896 | D:14     | 22896 ||| STAIRDANCE
 22930 | D:14     | 22930 ||| STAIRDANCE
 22999 | D:14     | 22999 ||| READING 3 scrolls of teleportation.
 23000 | D:14     | 23000 ||| STAIRDANCE
 23021 | D:14     | 23021 ||| READING 2 scrolls of teleportation.
 23022 | D:14     | 23022 ||| STAIRDANCE
 23055 | D:14     | 23055 ||| READING scroll of teleportation.
 23056 | D:14     | 23056 ||| STAIRDANCE
 23078 | D:14     | 23078 ||| Stepping randomly (stuck).
 23080 | D:14     | 23080 ||| Stepping randomly (stuck).
 23083 | D:14     | 23083 ||| Stepping randomly (stuck).
 23084 | D:14     | 23084 ||| Stepping randomly (stuck).
 23085 | D:14     | 23085 ||| Stepping randomly (stuck).
 23089 | D:14     | 23089 ||| Stepping randomly (stuck).
 23090 | D:14     | 23090 ||| Stepping randomly (stuck).
 23092 | D:14     | 23092 ||| Stepping randomly (stuck).
 23093 | D:14     | 23093 ||| Stepping randomly (stuck).
 23096 | D:14     | 23096 ||| Stepping randomly (stuck).
 23097 | D:14     | 23097 ||| Stepping randomly (stuck).
 23100 | D:14     | 23100 ||| Stepping randomly (stuck).
 23101 | D:14     | 23101 ||| Stepping randomly (stuck).
 23102 | D:14     | 23102 ||| Stepping randomly (stuck).
 23162 | D:14     | 23162 ||| FLEEEEING.
 23167 | D:14     | 23167 ||| FLEEEEING.
 23168 | D:14     | 23168 ||| FLEEEEING.
 23169 | D:14     | 23169 ||| FLEEEEING.
 23173 | D:14     | 23173 ||| INVOKING Heroism.
 23177 | D:14     | 23177 ||| Stepping ~*~*~tactically~*~*~ (hiding).
 23286 | D:14     | 23286 ||| INVOKING Heroism.
 23546 | D:14     | 23546 ||| Stepping ~*~*~tactically~*~*~ (stealth).
 23552 | D:14     | 23552 ||| Stepping ~*~*~tactically~*~*~ (stealth).
 23698 | D:14     | Found a gate to the Vaults.
 23780 | D:14     | Found Cifes's Assorted Antiques.
 23785 | D:14     | 23785 ||| Stepping ~*~*~tactically~*~*~ (hiding).
 23832 | D:14     | 23832 ||| BUYING potion of haste (250 gold).
 23832 | D:14     | Bought a potion of haste for 250 gold pieces
 23832 | D:14     | 23832 ||| BUYING potion of mutation (200 gold).
 23832 | D:14     | Bought a potion of mutation for 200 gold pieces
 23832 | D:14     | 23832 ||| BUYING runed chain mail (187 gold).
 23832 | D:14     | Bought a runed chain mail for 187 gold pieces
 23832 | D:14     | 23832 ||| BUYING scroll of enchant armour (187 gold).
 23832 | D:14     | Bought a scroll of enchant armour for 187 gold pieces
 23832 | D:14     | 23832 ||| BUYING scroll of enchant weapon (187 gold).
 23832 | D:14     | Bought a scroll of enchant weapon for 187 gold pieces
 23832 | D:14     | 23832 ||| BUYING scroll of identify (50 gold).
 23832 | D:14     | Bought a scroll of identify for 50 gold pieces
 23832 | D:14     | 23832 ||| READING scroll of enchant armour.
 23832 | D:14     | 23832 ||| ENCHANTING +1 pair of gloves.
 23833 | D:14     | 23833 ||| READING scroll of enchant weapon.
 23833 | D:14     | 23833 ||| ENCHANTING +3 broad axe of draining.
 23839 | D:14     | 23839 ||| Stepping ~*~*~tactically~*~*~ (stealth).
 23840 | D:14     | 23840 ||| Stepping ~*~*~tactically~*~*~ (stealth).
 24016 | D:14     | 24016 ||| READING scroll of enchant weapon.
 24016 | D:14     | 24016 ||| ENCHANTING +4 broad axe of draining.
 24310 | D:14     | 24310 ||| INVOKING Heroism.
 24399 | D:14     | 24399 ||| DROPPING +0 chain mail of willpower.
 24400 | D:14     | 24400 ||| DROPPING ring "Utungal" {rPois Dex+2}.
 24401 | D:14     | 24401 ||| UPGRADING to +6 ring of dexterity.
 24403 | D:14     | 24403 ||| DROPPING ring of willpower.
 24404 | D:14     | 24404 ||| DROPPING ring of Obsession {Wiz Will+}.
 24435 | D:15     | Entered Level 15 of the Dungeon
 24438 | D:15     | 24438 ||| Stepping ~*~*~tactically~*~*~ (stealth).
 24443 | D:15     | 24443 ||| INVOKING Heroism.
 24458 | D:15     | Received a gift from Okawaru
 24506 | D:15     | 24506 ||| READING scroll of enchant armour.
 24506 | D:15     | 24506 ||| ENCHANTING +0 pair of boots.
 24562 | D:15     | 24562 ||| READING 4 scrolls of teleportation.
 24640 | D:15     | 24640 ||| Stepping ~*~*~tactically~*~*~ (hiding).
 24650 | D:15     | 24650 ||| FLEEEEING.
 24684 | D:15     | Reached skill level 12 in Shields
 24828 | D:15     | 24828 ||| Stepping ~*~*~tactically~*~*~ (hiding).
 24829 | D:15     | 24829 ||| Stepping ~*~*~tactically~*~*~ (hiding).
 24833 | D:15     | 24833 ||| FLEEEEING.
 24839 | D:15     | 24839 ||| FLEEEEING.
 24840 | D:15     | 24840 ||| FLEEEEING.
 24841 | D:15     | 24841 ||| FLEEEEING.
 24860 | D:15     | Received a gift from Okawaru
 24982 | D:15     | 24982 ||| Stepping ~*~*~tactically~*~*~ (hiding).
 25072 | D:15     | 25072 ||| Stepping ~*~*~tactically~*~*~ (hiding).
 25087 | D:15     | Found a staircase to the Depths.
 25089 | D:15     | 25089 ||| FLEEEEING.
 25090 | D:15     | 25090 ||| FLEEEEING.
 25091 | D:15     | 25091 ||| FLEEEEING.
 25092 | D:15     | 25092 ||| FLEEEEING.
 25093 | D:15     | 25093 ||| FLEEEEING.
 25094 | D:15     | 25094 ||| FLEEEEING.
 25099 | D:15     | 25099 ||| FLEEEEING.
 25100 | D:15     | 25100 ||| FLEEEEING.
 25101 | D:15     | 25101 ||| FLEEEEING.
 25102 | D:15     | 25102 ||| FLEEEEING.
 25103 | D:15     | 25103 ||| FLEEEEING.
 25114 | D:15     | 25114 ||| FLEEEEING.
 25115 | D:15     | 25115 ||| FLEEEEING.
 25116 | D:15     | 25116 ||| FLEEEEING.
 25117 | D:15     | 25117 ||| FLEEEEING.
 25121 | D:15     | 25121 ||| STAIRDANCE
 25222 | D:15     | 25222 ||| INVOKING Heroism.
 25391 | D:15     | 25391 ||| INVOKING Heroism.
 25400 | D:15     | Received a gift from Okawaru
 25545 | D:15     | 25545 ||| PLANNING ORC
 25671 | Orc:1    | Entered Level 1 of the Orcish Mines
 25695 | Orc:1    | 25695 ||| Stepping ~*~*~tactically~*~*~ (stealth).
 25697 | Orc:1    | 25697 ||| Stepping ~*~*~tactically~*~*~ (hiding).
 25698 | Orc:1    | 25698 ||| INVOKING Heroism.
 25710 | Orc:1    | 25710 ||| Stepping ~*~*~tactically~*~*~ (stealth).
 25713 | Orc:1    | 25713 ||| Stepping ~*~*~tactically~*~*~ (hiding).
 25878 | Orc:2    | Entered Level 2 of the Orcish Mines
 25886 | Orc:2    | 25886 ||| INVOKING Heroism.
 25930 | Orc:2    | 25930 ||| Stepping ~*~*~tactically~*~*~ (hiding).
 25963 | Orc:2    | 25963 ||| INVOKING Heroism.
 25967 | Orc:2    | Received a gift from Okawaru
 25994 | Orc:2    | 25994 ||| Stepping ~*~*~tactically~*~*~ (stealth).
 25999 | Orc:2    | 25999 ||| Stepping ~*~*~tactically~*~*~ (stealth).
 26177 | Orc:2    | Identified the +5 broad axe of Deformation {vorpal, rF+
                  | Stlth+} (Okawaru gifted it to you on level 2 of the Orcish
                  | Mines)
 26177 | Orc:2    | Received a gift from Okawaru
 26177 | Orc:2    | Noticed Donald
 26178 | Orc:2    | 26178 ||| Stepping ~*~*~tactically~*~*~ (stealth).
 26205 | Orc:2    | 26205 ||| SWAPPING to +5 broad axe of Deformation {vorpal,
                  | rF+ Stlth+}.
 26207 | Orc:2    | 26207 ||| Stepping ~*~*~tactically~*~*~ (hiding).
 26231 | Orc:2    | 26231 ||| Stepping ~*~*~tactically~*~*~ (stealth).
 26234 | Orc:2    | 26234 ||| INVOKING Heroism.
 26235 | Orc:2    | 26235 ||| INVOKING Finesse.
 26248 | Orc:2    | Killed Donald
 26317 | Orc:2    | 26317 ||| INVOKING Heroism.
 26350 | Orc:2    | Found Wiorayxt's Magic Scroll Boutique.
 26382 | Orc:2    | Found Reeshro's General Store.
 26399 | Orc:2    | 26399 ||| INVOKING Heroism.
 26640 | Orc:2    | 26640 ||| INVOKING Heroism.
 26818 | Orc:2    | 26818 ||| INVOKING Heroism.
 26821 | Orc:2    | 26821 ||| Stepping ~*~*~tactically~*~*~ (hiding).
 26891 | Orc:2    | 26891 ||| BUYING scroll of enchant armour (105 gold).
 26891 | Orc:2    | Bought a scroll of enchant armour for 105 gold pieces
 26891 | Orc:2    | 26891 ||| BUYING scroll of teleportation (42 gold).
 26891 | Orc:2    | Bought a scroll of teleportation for 42 gold pieces
 26891 | Orc:2    | 26891 ||| BUYING scroll of teleportation (42 gold).
 26891 | Orc:2    | Bought a scroll of teleportation for 42 gold pieces
 26891 | Orc:2    | 26891 ||| READING scroll of enchant armour.
 26891 | Orc:2    | 26891 ||| ENCHANTING +1 pair of boots.
 26894 | Orc:2    | 26894 ||| BUYING potion of curing (39 gold).
 26894 | Orc:2    | Bought a potion of curing for 39 gold pieces
 26894 | Orc:2    | 26894 ||| BUYING scroll of enchant weapon (97 gold).
 26894 | Orc:2    | Bought a scroll of enchant weapon for 97 gold pieces
 26894 | Orc:2    | 26894 ||| BUYING scroll of identify (26 gold).
 26894 | Orc:2    | Bought a scroll of identify for 26 gold pieces
 26917 | Orc:2    | 26917 ||| Stepping ~*~*~tactically~*~*~ (hiding).
 26919 | Orc:2    | 26919 ||| INVOKING Heroism.
 26934 | Orc:2    | 26934 ||| Stepping ~*~*~tactically~*~*~ (hiding).
 27076 | Orc:2    | 27076 ||| INVOKING Heroism.
 27082 | Orc:2    | 27082 ||| Stepping ~*~*~tactically~*~*~ (hiding).
 27091 | Orc:2    | Reached XP level 16. HP: 91/111 MP: 23/23
 27117 | Orc:2    | 27117 ||| Stepping ~*~*~tactically~*~*~ (stealth).
 27258 | Orc:2    | 27258 ||| Stepping ~*~*~tactically~*~*~ (hiding).
 27273 | Orc:2    | 27273 ||| INVOKING Heroism.
 27314 | Orc:2    | 27314 ||| INVOKING Heroism.
 27328 | Orc:2    | 27328 ||| Stepping ~*~*~tactically~*~*~ (hiding).
 27346 | Orc:2    | 27346 ||| Stepping ~*~*~tactically~*~*~ (stealth).
 27348 | Orc:2    | 27348 ||| Stepping ~*~*~tactically~*~*~ (hiding).
 27353 | Orc:2    | 27353 ||| INVOKING Heroism.
 27368 | Orc:2    | 27368 ||| Stepping ~*~*~tactically~*~*~ (hiding).
 27369 | Orc:2    | 27369 ||| Stepping ~*~*~tactically~*~*~ (hiding).
 27394 | Orc:2    | 27394 ||| Stepping ~*~*~tactically~*~*~ (hiding).
 27404 | Orc:2    | 27404 ||| INVOKING Heroism.
 27458 | Orc:2    | Found Ava Isso's Book Emporium.
 27458 | Orc:2    | Found Qasu's Antique Weapon Shoppe.
 27459 | Orc:2    | Found a one-way gate leading to the halls of Pandemonium.
 27502 | Orc:2    | Found a staircase to the Elven Halls.
 27646 | Orc:1    | 27646 ||| INVOKING Heroism.
 27698 | Orc:1    | 27698 ||| Stepping ~*~*~tactically~*~*~ (hiding).
 27699 | Orc:1    | 27699 ||| Stepping ~*~*~tactically~*~*~ (hiding).
 27702 | Orc:1    | 27702 ||| Stepping ~*~*~tactically~*~*~ (stealth).
 27704 | Orc:1    | 27704 ||| Stepping ~*~*~tactically~*~*~ (hiding).
 27819 | Orc:1    | 27819 ||| Stepping ~*~*~tactically~*~*~ (stealth).
 27820 | Orc:1    | 27820 ||| Stepping ~*~*~tactically~*~*~ (stealth).
 27842 | Orc:1    | Found Vewis's Antique Armour Shoppe.
 27847 | Orc:1    | 27847 ||| BUYING pair of glowing gloves (195 gold).
 27847 | Orc:1    | Bought a pair of glowing gloves for 195 gold pieces
 27855 | Orc:1    | 27855 ||| Stepping ~*~*~tactically~*~*~ (hiding).
 27856 | Orc:1    | 27856 ||| Stepping ~*~*~tactically~*~*~ (hiding).
 27861 | Orc:1    | 27861 ||| INVOKING Heroism.
 27864 | Orc:1    | 27864 ||| Stepping ~*~*~tactically~*~*~ (hiding).
 27875 | Orc:1    | 27875 ||| Stepping ~*~*~tactically~*~*~ (hiding).
 27886 | Orc:1    | Reached skill level 17 in Axes
 27904 | Orc:1    | 27904 ||| INVOKING Finesse.
 27916 | Orc:1    | 27916 ||| INVOKING Heroism.
 28238 | Orc:1    | Noticed Erica
 28240 | Orc:1    | 28240 ||| Stepping ~*~*~tactically~*~*~ (hiding).
 28241 | Orc:1    | 28241 ||| INVOKING Heroism.
 28242 | Orc:1    | 28242 ||| INVOKING Finesse.
 28243 | Orc:1    | 28243 ||| INVOKING Finesse.
 28255 | Orc:1    | Killed Erica
 28277 | Orc:1    | 28277 ||| INVOKING Heroism.
 28299 | Orc:1    | 28299 ||| Stepping ~*~*~tactically~*~*~ (stealth).
 28300 | Orc:1    | 28300 ||| Stepping ~*~*~tactically~*~*~ (stealth).
 28301 | Orc:1    | 28301 ||| Stepping ~*~*~tactically~*~*~ (stealth).
 28306 | Orc:1    | 28306 ||| Stepping ~*~*~tactically~*~*~ (stealth).
 28581 | Orc:1    | 28581 ||| PLANNING SWAMP:1-3
 28581 | Orc:1    | 28581 ||| DROPPING +1 pair of gloves of stealth.
 28726 | Swamp:1  | Entered Level 1 of the Swamp
 28751 | Swamp:1  | 28751 ||| INVOKING Heroism.
 28778 | Swamp:1  | 28778 ||| Stepping ~*~*~tactically~*~*~ (hiding).
 28885 | Swamp:1  | 28885 ||| Stepping ~*~*~tactically~*~*~ (hiding).
 28886 | Swamp:1  | 28886 ||| Stepping ~*~*~tactically~*~*~ (hiding).
 28887 | Swamp:1  | 28887 ||| Stepping ~*~*~tactically~*~*~ (hiding).
 28986 | Swamp:1  | 28986 ||| Stepping ~*~*~tactically~*~*~ (stealth).
 29122 | Swamp:1  | 29122 ||| Stepping ~*~*~tactically~*~*~ (hiding).
 29185 | Swamp:1  | 29185 ||| INVOKING Heroism.
 29200 | Swamp:1  | Received a gift from Okawaru
 29357 | Swamp:1  | 29357 ||| INVOKING Heroism.
 29358 | Swamp:1  | 29358 ||| SWAPPING to +4 morningstar.
 29359 | Swamp:1  | 29359 ||| INVOKING Finesse.
 29365 | Swamp:1  | 29365 ||| SWAPPING to +5 broad axe of Deformation {vorpal,
                  | rF+ Stlth+}.
 29452 | Swamp:1  | 29452 ||| Stepping ~*~*~tactically~*~*~ (stealth).
 29454 | Swamp:1  | 29454 ||| Stepping ~*~*~tactically~*~*~ (stealth).
 29457 | Swamp:1  | 29457 ||| INVOKING Heroism.
 29466 | Swamp:1  | Received a gift from Okawaru
 29562 | Swamp:1  | 29562 ||| Stepping ~*~*~tactically~*~*~ (stealth).
 29563 | Swamp:1  | 29563 ||| Stepping ~*~*~tactically~*~*~ (stealth).
 29564 | Swamp:1  | 29564 ||| Stepping ~*~*~tactically~*~*~ (stealth).
 29566 | Swamp:1  | 29566 ||| Stepping ~*~*~tactically~*~*~ (stealth).
 29567 | Swamp:1  | 29567 ||| Stepping ~*~*~tactically~*~*~ (stealth).
 29572 | Swamp:1  | 29572 ||| INVOKING Heroism.
 29660 | Swamp:1  | 29660 ||| READING 5 scrolls of identify.
 29660 | Swamp:1  | 29660 ||| IDENTIFYING blue potion
 29661 | Swamp:1  | 29661 ||| DROPPING potion of berserk rage.
 29674 | Swamp:2  | Noticed Nikola
 29675 | Swamp:2  | 29675 ||| INVOKING Heroism.
 29676 | Swamp:2  | 29676 ||| INVOKING Finesse.
 29677 | Swamp:2  | 29677 ||| STAIRDANCE
 29690 | Swamp:1  | HP: 10/114 [Nikola/arc of chain lightning (46)]
 29691 | Swamp:1  | 29691 ||| READING 5 scrolls of teleportation.
 29692 | Swamp:1  | 29692 ||| DRINKING 3 potions of heal wounds.
 29998 | Swamp:2  | 29998 ||| INVOKING Heroism.
 30008 | Swamp:2  | Reached skill level 6 in Throwing
 30048 | Swamp:2  | 30048 ||| Stepping ~*~*~tactically~*~*~ (stealth).
 30052 | Swamp:2  | 30052 ||| INVOKING Heroism.
 30071 | Swamp:2  | 30071 ||| Stepping ~*~*~tactically~*~*~ (stealth).
 30115 | Swamp:2  | 30115 ||| Stepping ~*~*~tactically~*~*~ (stealth).
 30191 | Swamp:2  | 30191 ||| INVOKING Heroism.
 30444 | Swamp:2  | 30444 ||| READING scroll of enchant armour.
 30444 | Swamp:2  | 30444 ||| ENCHANTING +1 plate armour of cold resistance.
 30818 | Swamp:3  | 30818 ||| INVOKING Heroism.
 30857 | Swamp:3  | 30857 ||| INVOKING Heroism.
 30862 | Swamp:3  | Received a gift from Okawaru
 30863 | Swamp:3  | 30863 ||| FLEEEEING.
 30864 | Swamp:3  | 30864 ||| FLEEEEING.
 30867 | Swamp:3  | 30867 ||| STAIRDANCE
 31070 | Swamp:3  | 31070 ||| STAIRDANCE
 31122 | Swamp:3  | 31122 ||| Stepping ~*~*~tactically~*~*~ (hiding).
 31123 | Swamp:3  | 31123 ||| Stepping ~*~*~tactically~*~*~ (hiding).
 31209 | Swamp:3  | 31209 ||| INVOKING Heroism.
 31359 | Swamp:3  | 31359 ||| FLEEEEING.
 31364 | Swamp:3  | 31364 ||| STAIRDANCE
 31423 | Swamp:2  | 31423 ||| DROPPING +0 plate armour of poison resistance.
 31424 | Swamp:2  | 31424 ||| UPGRADING to +6 ring of strength.
 31426 | Swamp:2  | 31426 ||| DROPPING +6 ring of dexterity.
 31445 | Swamp:3  | Found a bloodstained altar of Trog.
 31761 | Swamp:3  | 31761 ||| PLANNING SPIDER:1-3
 31779 | Swamp:1  | 31779 ||| INVOKING Heroism.
 31780 | Swamp:1  | 31780 ||| INVOKING Finesse.
 31797 | Swamp:1  | Killed Nikola
 31909 | Swamp:1  | 31909 ||| DROPPING +0 cloak.
 31965 | Spider:1 | Entered Level 1 of the Spider Nest
 31966 | Spider:1 | 31966 ||| INVOKING Heroism.
 32039 | Spider:1 | 32039 ||| Stepping ~*~*~tactically~*~*~ (stealth).
 32041 | Spider:1 | 32041 ||| Stepping ~*~*~tactically~*~*~ (stealth).
 32043 | Spider:1 | 32043 ||| Stepping ~*~*~tactically~*~*~ (stealth).
 32046 | Spider:1 | 32046 ||| Stepping ~*~*~tactically~*~*~ (stealth).
 32057 | Spider:1 | Reached skill level 18 in Axes
 32158 | Spider:1 | 32158 ||| Stepping ~*~*~tactically~*~*~ (stealth).
 32282 | Spider:1 | 32282 ||| INVOKING Heroism.
 32287 | Spider:1 | Received a gift from Okawaru
 32288 | Spider:1 | Reached XP level 17. HP: 113/118 MP: 22/24
 32433 | Spider:1 | 32433 ||| Stepping ~*~*~tactically~*~*~ (hiding).
 32435 | Spider:1 | 32435 ||| INVOKING Finesse.
 32448 | Spider:1 | 32448 ||| Stepping ~*~*~tactically~*~*~ (stealth).
 32450 | Spider:1 | 32450 ||| INVOKING Heroism.
 32650 | Spider:1 | 32650 ||| Stepping ~*~*~tactically~*~*~ (hiding).
 32667 | Spider:1 | Received a gift from Okawaru
 32669 | Spider:1 | 32669 ||| INVOKING Heroism.
 32717 | Spider:1 | 32717 ||| Stepping ~*~*~tactically~*~*~ (stealth).
 32722 | Spider:1 | 32722 ||| Stepping ~*~*~tactically~*~*~ (stealth).
 32742 | Spider:1 | 32742 ||| INVOKING Finesse.
 32909 | Spider:1 | 32909 ||| Stepping ~*~*~tactically~*~*~ (stealth).
 32912 | Spider:1 | 32912 ||| Stepping ~*~*~tactically~*~*~ (stealth).
 32918 | Spider:1 | 32918 ||| INVOKING Heroism.
 33088 | Spider:1 | 33088 ||| Stepping ~*~*~tactically~*~*~ (stealth).
 33107 | Spider:1 | 33107 ||| Stepping ~*~*~tactically~*~*~ (stealth).
 33135 | Spider:1 | 33135 ||| Stepping ~*~*~tactically~*~*~ (stealth).
 33155 | Spider:1 | 33155 ||| Stepping ~*~*~tactically~*~*~ (hiding).
 33161 | Spider:1 | 33161 ||| INVOKING Finesse.
 33163 | Spider:1 | 33163 ||| READING 5 scrolls of teleportation.
 33426 | Spider:1 | 33426 ||| Stepping ~*~*~tactically~*~*~ (stealth).
 33433 | Spider:1 | 33433 ||| Stepping ~*~*~tactically~*~*~ (stealth).
 33436 | Spider:1 | 33436 ||| Stepping ~*~*~tactically~*~*~ (stealth).
 33493 | Spider:1 | 33493 ||| Stepping ~*~*~tactically~*~*~ (stealth).
 33494 | Spider:1 | 33494 ||| Stepping ~*~*~tactically~*~*~ (stealth).
 33496 | Spider:1 | 33496 ||| Stepping ~*~*~tactically~*~*~ (stealth).
 33536 | Spider:1 | 33536 ||| INVOKING Heroism.
 33546 | Spider:1 | Received a gift from Okawaru
 33698 | Spider:2 | 33698 ||| STAIRDANCE
 33700 | Spider:1 | 33700 ||| INVOKING Heroism.
 33812 | Spider:2 | 33812 ||| Stepping ~*~*~tactically~*~*~ (stealth).
 33929 | Spider:2 | 33929 ||| Stepping ~*~*~tactically~*~*~ (stealth).
 33933 | Spider:2 | 33933 ||| Stepping ~*~*~tactically~*~*~ (stealth).
 33935 | Spider:2 | 33935 ||| Stepping ~*~*~tactically~*~*~ (stealth).
 33940 | Spider:2 | 33940 ||| Stepping ~*~*~tactically~*~*~ (hiding).
 33941 | Spider:2 | 33941 ||| Stepping ~*~*~tactically~*~*~ (hiding).
 33942 | Spider:2 | 33942 ||| Stepping ~*~*~tactically~*~*~ (hiding).
 33944 | Spider:2 | 33944 ||| INVOKING Heroism.
 33974 | Spider:2 | 33974 ||| Stepping ~*~*~tactically~*~*~ (stealth).
 33983 | Spider:2 | 33983 ||| Stepping ~*~*~tactically~*~*~ (stealth).
 33984 | Spider:2 | 33984 ||| Stepping ~*~*~tactically~*~*~ (stealth).
 33985 | Spider:2 | 33985 ||| Stepping ~*~*~tactically~*~*~ (stealth).
 33991 | Spider:2 | 33991 ||| INVOKING Heroism.
 34023 | Spider:2 | 34023 ||| Stepping ~*~*~tactically~*~*~ (stealth).
 34026 | Spider:2 | 34026 ||| Stepping ~*~*~tactically~*~*~ (stealth).
 34027 | Spider:2 | 34027 ||| Stepping ~*~*~tactically~*~*~ (stealth).
 34028 | Spider:2 | 34028 ||| Stepping ~*~*~tactically~*~*~ (stealth).
 34078 | Spider:2 | 34078 ||| Stepping ~*~*~tactically~*~*~ (stealth).
 34079 | Spider:2 | 34079 ||| Stepping ~*~*~tactically~*~*~ (stealth).
 34103 | Spider:2 | 34103 ||| Stepping ~*~*~tactically~*~*~ (stealth).
 34104 | Spider:2 | 34104 ||| Stepping ~*~*~tactically~*~*~ (stealth).
 34157 | Spider:2 | 34157 ||| Stepping ~*~*~tactically~*~*~ (stealth).
 34159 | Spider:2 | 34159 ||| Stepping ~*~*~tactically~*~*~ (stealth).
 34174 | Spider:2 | 34174 ||| Stepping ~*~*~tactically~*~*~ (stealth).
 34176 | Spider:2 | 34176 ||| Stepping ~*~*~tactically~*~*~ (stealth).
 34200 | Spider:2 | 34200 ||| Stepping ~*~*~tactically~*~*~ (stealth).
 34202 | Spider:2 | 34202 ||| INVOKING Heroism.
 34230 | Spider:2 | 34230 ||| Stepping ~*~*~tactically~*~*~ (stealth).
 34231 | Spider:2 | 34231 ||| Stepping ~*~*~tactically~*~*~ (stealth).
 34234 | Spider:2 | 34234 ||| Stepping ~*~*~tactically~*~*~ (stealth).
 34672 | Spider:3 | 34672 ||| Stepping ~*~*~tactically~*~*~ (hiding).
 34674 | Spider:3 | 34674 ||| Stepping ~*~*~tactically~*~*~ (hiding).
 34676 | Spider:3 | 34676 ||| INVOKING Heroism.
 34690 | Spider:3 | 34690 ||| INVOKING Finesse.
 34759 | Spider:3 | 34759 ||| INVOKING Finesse.
 34760 | Spider:3 | 34760 ||| INVOKING Heroism.
 34785 | Spider:3 | 34785 ||| FLEEEEING.
 34787 | Spider:3 | 34787 ||| FLEEEEING.
 34794 | Spider:3 | 34794 ||| FLEEEEING.
 34811 | Spider:3 | HP: 30/123 [barbs]
 34812 | Spider:3 | 34812 ||| INVOKING Heroism.
 34812 | Spider:3 | Blown up by an orb spider

Levels and vault maps discovered:
D:1:      wander_arrival_desolate, layout_basic
D:2:      layout_basic, shapermc_ecumenical_altar_ellora
D:3:      layout_loops_ring, kennysheep_slug_shrine, zin_scriptorium,
          minmay_snake_closets, uniq_crazy_yiuf_cottage, uniq_terence
D:4:      layout_basic, mainiacjoe_overflow_alcove_2,
          minmay_temple_entry_stoned_glass
D:5:      layout_rooms, overflow_temple_1_default, gammafunk_ghost_arena
D:6:      layout_loops_ring
D:7:      layout_basic, uniq_joseph
D:8:      layout_rooms, minivault_11
D:9:      minmay_the_grid_3x3 [minmay_the_grid_slots, minmay_the_grid_square_x,
          minmay_the_grid_garden, minmay_the_grid_medium_cups,
          minmay_the_grid_armoury, minmay_the_grid_rooms, minmay_the_grid_eight,
          minmay_the_grid_stretched_grid,
          minmay_the_grid_prize_shrinking_boxes], layout_rooms,
          chequers_temple_overflow_minitemple, mainiacjoe_overflow_brackets,
          uniq_harold
D:10:     layout_irregular_city, serial_shops,
          nicolae_shop_bloodbath_and_beyond, minmay_nine_imps
D:11:     layout_gridville, david_lair_generic, nicolae_uskayaw_en_pointe
D:12:     layout_cave_pools, gauntlet_entry_generic, nzn_hepliaklqana_mist_gate
D:13:     layout_roguey, fungi_pond_lemuel, uniq_snorg
D:14:     minmay_ambush_box, layout_loops_ring, david_vaults_4, serial_shops,
          nicolae_shop_overgrown_old_shop, moated_statue
D:15:     grunt_enter_depths_snipers, layout_basic, glass_columns_a,
          chequers_avenue
Temple:   eino_narrow_crystal_temple
Lair:1:   layout_regular_city, uniq_gastronok, uniq_grum
Lair:2:   layout_chaotic_city, nicolae_spider_entry_tight_spaces,
          infiniplex_staircase_pool
Lair:3:   minmay_lair_oklob_chamber, layout_regular_city,
          skrybe_swamp_entry_bodies
Lair:4:   layout_cave_pods, lemuel_fruit_tree, grunt_megastairs_3, uniq_kirke
Lair:5:   minmay_lair_end_frog_pond, layout_misc_corridors,
          dpeg_slime_entry_enclosed, serial_bayou_shore_a, serial_bayou_shore_b
Swamp:1:  nicolae_swamp_decorative_isthmus, layout_basic_swamp,
          nicolae_swamp_round_clearing
Swamp:2:  layout_basic_swamp, evilmike_swamp_ruin_house_4, swamp_pool3,
          uniq_nikola
Swamp:3:  layout_basic_swamp, basic_altar, swamp_pool5
Spider:1: layout_spider_delve
Spider:2: layout_spider_delve, nicolae_spider_stair_cavern
Spider:3: layout_spider_delve, ebering_ghost_rock_garden
Orc:1:    layout_caves, serial_shops, nicolae_shop_hallway_stairs,
          nicolae_volcano_entry_s_turn, uniq_erica
Orc:2:    pf_orc_diabolical, layout_diamond_mine, uniq_donald

Skill      XL: |  1  2  3  4  5  6  7  8  9 10 11 12 13 14 15 16 17 |
---------------+----------------------------------------------------+-----
Axes           | 2 3 4 5 6 7 8 10 11 13 15 16 18 | 18.0
Throwing       | 1 2 5 6 7 |  7.1
Fighting       | 4 7 8 9 10 11 12 13 14 | 14.8
Dodging        | 1 2 3 4 |  4.0
Invocations    | 2 4 6 9 10 | 10.0
Shields        | 4 6 7 9 13 14 | 14.0
Armour         | 4 6 7 9 10 12 13 14 | 14.0

Action                   |  1- 3 |  4- 6 |  7- 9 | 10-12 | 13-15 | 16-18 || total
-------------------------+-------+-------+-------+-------+-------+-------++-------
Melee: War axe           |   120 |   143 |    36 |       |       |       ||   299
       Broad axe         |       |       |   139 |   522 |  1172 |   833 ||  2666
       Morningstar       |       |       |       |       |    11 |     5 ||    16
Throw: Javelin           |     8 |    20 |    33 |     4 |    57 |    86 ||   208
       Boomerang         |       |       |       |     4 |    17 |    59 ||    80
Invok: Heroism           |       |       |    11 |    23 |    49 |    35 ||   118
       Finesse           |       |       |       |     2 |    13 |    10 ||    25
  Use: Scroll            |     2 |    10 |     5 |    10 |    21 |     4 ||    52
       Potion            |       |       |     1 |     1 |     1 |     1 ||     4
 Stab: Distracted        |       |       |     1 |       |       |       ||     1
Armor: Scale mail        |    86 |   100 |    26 |       |       |       ||   212
       Ring mail         |       |       |    10 |       |       |       ||    10
       Chain mail        |       |       |    39 |     5 |       |       ||    44
       Plate armour      |       |       |       |   338 |   692 |   429 ||  1459
Dodge: Dodged            |    70 |    59 |    86 |   201 |   359 |   244 ||  1019
Block: Buckler           |    20 |    20 |    30 |   117 |   138 |       ||   325
       Kite shield       |       |       |       |       |   277 |   472 ||   749

Table legend:
 A = Non-vault XP
 B = Vault XP
 C = Vault XP percentage of total XP
 D = Non-vault monster count
 E = Vault monster count
 F = Vault count percentage of total count
                 A         B        C        D         E       F
            +---------+---------+-------+---------+---------+-------
      Total |  164320 |   65925 |  28.6 |     712 |     220 |  23.6
            +---------+---------+-------+---------+---------+-------
        D:1 |      65 |       0 |   0.0 |      34 |       0 |   0.0
        D:2 |      25 |       0 |   0.0 |      16 |       0 |   0.0
        D:3 |      16 |     102 |  86.4 |      10 |      12 |  54.5
        D:4 |     362 |       0 |   0.0 |      18 |       0 |   0.0
        D:5 |     455 |       0 |   0.0 |      17 |       0 |   0.0
        D:6 |    1238 |       0 |   0.0 |      25 |       0 |   0.0
        D:7 |    2040 |     460 |  18.4 |      30 |       1 |   3.2
        D:8 |    2297 |       0 |   0.0 |      24 |       0 |   0.0
        D:9 |    1035 |    9186 |  89.9 |      13 |      38 |  74.5
       D:10 |    1236 |     366 |  22.8 |      20 |       9 |  31.0
       D:11 |    5163 |    1022 |  16.5 |      24 |       4 |  14.3
       D:12 |    1350 |       0 |   0.0 |      10 |       0 |   0.0
       D:13 |    5994 |    3611 |  37.6 |      16 |       5 |  23.8
       D:14 |    7111 |    3543 |  33.3 |      16 |       8 |  33.3
       D:15 |    7083 |    2744 |  27.9 |      20 |       3 |  13.0
     Lair:1 |    5528 |    2141 |  27.9 |      21 |       6 |  22.2
     Lair:2 |    2461 |     789 |  24.3 |      13 |       4 |  23.5
     Lair:3 |    4747 |    2431 |  33.9 |      16 |       4 |  20.0
     Lair:4 |    2462 |    6160 |  71.4 |      10 |      19 |  65.5
     Lair:5 |   18395 |    8108 |  30.6 |      58 |      29 |  33.3
    Swamp:1 |   15675 |    2305 |  12.8 |      28 |       1 |   3.4
    Swamp:2 |    7730 |       0 |   0.0 |      19 |       0 |   0.0
    Swamp:3 |    7828 |       0 |   0.0 |      17 |       0 |   0.0
   Spider:1 |   25709 |       0 |   0.0 |      75 |       0 |   0.0
   Spider:2 |   11578 |       0 |   0.0 |      32 |       0 |   0.0
   Spider:3 |   16433 |       0 |   0.0 |      40 |       0 |   0.0
      Orc:1 |    6865 |     839 |  10.9 |      57 |       1 |   1.7
      Orc:2 |    3439 |   19514 |  85.0 |      33 |      67 |  67.0
   Gauntlet |       0 |    2604 | 100.0 |       0 |       9 | 100.0
            +---------+---------+-------+---------+---------+-------
